 Dungeon Crawl Stone Soup version 0.26.0-90-g5fd8617961 (webtiles) character file.

Game seed: 7493562679172209771

911 DasRunzen the Ducker (level 7, -3/55 HPs)
             Began as a Demonspawn Gladiator on Feb 2, 2021.
             Was a Follower of Okawaru.
             Killed by divine providence
             ... invoked by an orc priest
              (11 damage)
             ... on level 5 of the Dungeon.
             The game lasted 00:07:57 (6877 turns).

DasRunzen the Ducker (Demonspawn Gladiator)         Turns: 6877, Time: 00:07:57

Health: -3/55      AC: 12    Str: 16    XL:     7   Next: 82%
Magic:  8/8        EV: 14    Int: 10    God:    Okawaru [*.....]
Gold:   251        SH:  0    Dex: 14    Spells: 6/6 levels left

rFire    . . .     SeeInvis .   a - +0 trident
rCold    . . .     Faith    .   (no shield)
rNeg     . . .     Spirit   .   b - +0 leather armour
rPois    .         Reflect  .   (helmet restricted)
rElec    .         Harm     .   f - +0 cloak
rCorr    .         Rampage  .   e - +0 pair of gloves
Will     .....     Rnd*Tele +   q - +0 pair of boots
Stlth    +.........             o - amulet of magic regeneration
HPRegen  0.18/turn              h - ring of teleportation (curse)
MPRegen  0.36/turn              s - ring of flight

@: confused, sanguine armour
A: horns 2, miasma immunity, sanguine armour 1
a: Renounce Religion, Evoke Flight, Heroism


You were on level 5 of the Dungeon.
You worshipped Okawaru.
Okawaru was aware of your devotion.
You visited 2 branches of the dungeon, and saw 6 of its levels.

You collected 251 gold pieces.

Inventory:

Hand Weapons
 a - a +0 trident (weapon)
Missiles
 d - 3 throwing nets (quivered)
Armour
 b - a +0 leather armour (worn)
 e - a +0 pair of gloves (worn)
 f - a +0 cloak (worn)
 q - a +0 pair of boots (worn)
Jewellery
 h - a cursed ring of teleportation (left hand)
 o - an amulet of magic regeneration (around neck)
 s - a ring of flight (right hand)
 y - an uncursed amulet of reflection {unknown}
Wands
 t - a wand of random effects (2)
Scrolls
 c - a scroll of fear
 l - 4 scrolls of teleportation
 m - a scroll of magic mapping
 p - a scroll of amnesia
 u - 2 scrolls of remove curse
 x - a scroll of enchant weapon {unknown}
 z - a scroll of identify
 A - a scroll of immolation {unknown}
Potions
 g - 4 potions of curing
 i - a potion of resistance
 j - 3 potions of mutation {unknown}
 k - a potion of degeneration {unknown}
 n - a potion of heal wounds {unknown}
 r - 2 potions of magic {unknown}
 v - 2 potions of might {unknown}
 w - a potion of flight {unknown}


   Skills:
 + Level 4.6 Fighting
 + Level 4.7 Polearms
 - Level 1.0(1.5) Slings
 - Level 1.7(1.9) Throwing
 + Level 3.4 Armour
 + Level 4.7 Dodging
 + Level 2.5 Invocations


You had 6 spell levels left.
You didn't know any spells.
Your spell library was empty.

Dungeon Overview and Level Annotations

Branches:
Dungeon (5/15)             Temple (1/1) D:4

Altars:
Ashenzari
Cheibriados
Dithmenos
Elyvilon
Fedhas
Gozag
Hepliaklqana
Kikubaaqudgha
Nemelex Xobeh
Okawaru
Qazlal
Ru
Sif Muna
Trog
Uskayaw
Wu Jian
Yredelemnul
Zin
The Shining One


Innate Abilities, Weirdness & Mutations

You have a pair of horns on your head.
You are immune to miasma.
When seriously injured, your bleeding wounds create armour. (AC +6)


Message History

The orc priest hits you but does no damage.
The orc hits you with a +0 club.
The orc wizard hits you with a +0 dagger.
You closely miss the orc. The orc wizard misses you.
The orc priest looks encouraged for a moment.
The orc hits you but does no damage. The orc wizard casts a spell at you.
You resist with some effort.
The orc wizard hits you but does no damage.
Unknown command.
You're too confused to move!
The orc priest mumbles some strange prayers to Beogh against you.
Beogh smites you!
* * * LOW HITPOINT WARNING * * *
The orc wizard misses you. The orc closely misses you.
The orc wizard hits you but does no damage.
Unknown command.
The orc priest calls down the wrath of Beogh upon you.
Beogh smites you!
You die...

#+##
##...##
##.....##
##.......##
#.........#
+.........+
#..oo.....#
#@.o....#
##.o...##
##...##
#+## #.#
#.# ##.##
####...####
#.........#


You could see an orc priest, 2 orc wizards and an orc.

Vanquished Creatures
  Grinder (D:3)
  A centaur (D:5)
  2 hounds (D:4)
  2 orc priests
  2 orc wizards
  3 iguanas
  A worker ant (D:5)
  A killer bee zombie (D:5)
  A hound skeleton (D:5)
  12 gnolls
  A howler monkey skeleton (D:4)
  5 adders
  3 white imps
  An ooze (D:3)
  5 worms
  5 dart slugs
  3 leopard geckos
  14 orcs
  5 giant cockroaches
  5 goblins
  13 hobgoblins
  13 jackals
  2 quokkas
  4 bats
  2 frilled lizards (D:1)
  A jackal skeleton (D:4)
  A jackal zombie (D:5)
  9 kobolds
  6 rats
124 creatures vanquished.

Notes
Turn   | Place    | Note
-------+----------+-------------------------------------------
     0 | D:1      | DasRunzen the Demonspawn Gladiator began the quest for the
                  | Orb.
     0 | D:1      | Reached XP level 1. HP: 16/16 MP: 1/1
   271 | D:1      | Gained mutation: You have a pair of small horns on your
                  | head. [demonic ancestry]
   271 | D:1      | Reached XP level 2. HP: 17/22 MP: 2/2
   758 | D:1      | Reached skill level 1 in Slings
  1124 | D:2      | Gained mutation: You are immune to miasma. [demonic
                  | ancestry]
  1124 | D:2      | Reached XP level 3. HP: 28/28 MP: 3/3
  2057 | D:2      | Reached XP level 4. HP: 34/34 MP: 4/4
  2188 | D:2      | Reached skill level 1 in Armour
  3218 | D:3      | Gained mutation: When seriously injured, your bleeding
                  | wounds create armour. (AC +6) [demonic ancestry]
  3218 | D:3      | Reached XP level 5. HP: 41/41 MP: 5/5
  3657 | D:3      | Noticed Grinder
  3667 | D:3      | Paralysed by Grinder for 5 turns
  3673 | D:3      | Killed Grinder
  3674 | D:3      | Gained mutation: You have a pair of horns on your head.
                  | [demonic ancestry]
  3674 | D:3      | Reached XP level 6. HP: 31/48 MP: 6/6
  3822 | D:3      | Found a faded altar of an unknown god.
  4423 | D:4      | Found a staircase to the Ecumenical Temple.
  4430 | Temple   | Entered the Ecumenical Temple
  4458 | Temple   | Became a worshipper of Warmaster Okawaru
  5103 | D:4      | Reached XP level 7. HP: 43/54 MP: 7/7
  5383 | D:4      | Found a hide-covered altar of Uskayaw.
  5383 | D:4      | Found a bloodstained altar of Trog.
  5383 | D:4      | Found an ancient bone altar of Kikubaaqudgha.
  5383 | D:4      | Found a blossoming altar of Fedhas.
  5851 | D:4      | Found a snail-covered altar of Cheibriados.
  5856 | D:4      | Found a shadowy altar of Dithmenos.
  5976 | D:4      | Found a sparkling altar of Nemelex Xobeh.
  6002 | D:4      | Reached skill level 1 in Invocations
  6274 | D:5      | Entered Level 5 of the Dungeon
  6826 | D:5      | Reached * piety under Okawaru
  6877 | D:5      | Killed from afar by an orc priest

Illustrated notes

Levels and vault maps discovered:
D:1:      ebering_trefoil_twist, layout_loops_corners
D:2:      layout_loops_cross, grunt_ministairs_4
D:3:      layout_loops_ring, chequers_ecumenical_altar_simple_redux,
          uniq_grinder
D:4:      layout_basic, nemelex_altar_shiori, minmay_overflow_temple_hex,
          minmay_temple_entry_trees
D:5:      layout_loops_corners, ebering_dispersal_statue_hall
Temple:   minmay_temple_forest_path

Skill      XL: |  1  2  3  4  5  6  7 |
---------------+----------------------+-----
Polearms       | 3 4 |  4.7
Dodging        | 3 4 |  4.7
Slings         | 1 |  1.0
Armour         | 1 2 3 |  3.4
Fighting       | 3 4 |  4.6
Invocations    | 2 |  2.5
Throwing       | |  1.7

Action                   |  1- 3 |  4- 6 |  7- 9 || total
-------------------------+-------+-------+-------++-------
Melee: Trident           |   119 |   199 |   156 ||   474
       Headbutt          |    12 |    23 |    19 ||    54
  Use: Scroll            |     4 |     7 |     1 ||    12
 Stab: Sleeping          |     2 |     1 |     1 ||     4
Armor: Leather armour    |    18 |    36 |    46 ||   100
Dodge: Dodged            |    59 |    94 |   121 ||   274
